 Dungeon Crawl Stone Soup version 0.31.0-11-ge490571c62 (webtiles) character file.

Game seed: 9653008618250483918

38 H0rd4k the Trooper (level 3, -2/29 HPs)
             Began as a Human Artificer on Feb 7, 2024.
             Slain by a quokka (4 damage)
             ... on level 2 of the Dungeon.
             The game lasted 00:01:24 (1382 turns).

H0rd4k the Trooper (Human Artificer)                Turns: 1382, Time: 00:01:25

Health: -2/29      AC:  3    Str: 12    XL:     3   Next: 43%
Magic:  12/12      EV: 11    Int: 13    God:
Gold:   105        SH:  0    Dex: 13    Spells: 2/2 levels left

rFire   . . .        a - +0 club
rCold   . . .        (no shield)
rNeg    . . .        b - +0 leather armour
rPois   .            (no helmet)
rElec   .            (no cloak)
rCorr   .            (no gloves)
SInv    .            (no boots)
Will    .....        (no amulet)
Stlth   +            f - ring of magical power
HPRegen 0.24/turn    (no ring)
MPRegen 0.13/turn

%: no passive effects
@: no status effects
A: explore regen
a: no special abilities


You were on level 2 of the Dungeon.
You visited 1 branch of the dungeon, and saw 2 of its levels.

You collected 105 gold pieces.

Inventory:

Hand Weapons
 a - a +0 club (weapon)
Missiles
 l - 3 poisoned darts
Armour
 b - a +0 leather armour (worn)
Jewellery
 f - a ring of magical power (left hand)
Talismans
 k - a maw talisman
Wands
 c - a wand of flame (15) (quivered)
 d - a wand of charming (13)
 e - a wand of iceblast (5)
Scrolls
 h - a scroll of teleportation {unknown}
 m - a scroll of fog {unknown}
Potions
 g - a potion of heal wounds {unknown}
 i - a potion of brilliance {unknown}
 j - a potion of curing {unknown}
 n - a potion of berserk rage {unknown}


   Skills:
 + Level 3.2 Fighting
 - Level 2.0 Armour
 - Level 1.0 Dodging
 - Level 1.0 Stealth
 - Level 3.0 Evocations


You had 2 spell levels left.
You didn't know any spells.
Your spell library was empty.

Dungeon Overview and Level Annotations

Branches:
Dungeon (2/15)

Altars:

Shops:
D:1 *


Innate Abilities, Weirdness & Mutations

You regain HP and MP as you explore.


Message History

The jackal bites you but does no damage.
The jackal bites you.
You miss the jackal.
The jackal is lightly wounded.
The jackal barely misses you.
A quokka comes into view.
The jackal bites you but does no damage.
You hit the jackal.
The jackal is heavily wounded.
The jackal bites you. x2
* * * LOW HITPOINT WARNING * * *
You hit the jackal.
The jackal is severely wounded.
The jackal barely misses you. The jackal closely misses you.
You hit the jackal.
The jackal is almost dead.
The jackal barely misses you.
A hobgoblin comes into view.
The jackal bites you but does no damage.
You closely miss the jackal.
The jackal is almost dead.
The jackal barely misses you.
You closely miss the jackal.
The jackal is almost dead.
The jackal bites you.
* * * LOW HITPOINT WARNING * * *
The quokka barely misses you. The jackal completely misses you.
The quokka bites you.
* * * LOW HITPOINT WARNING * * *
You miss the jackal.
The jackal is almost dead.
The jackal misses you. The quokka closely misses you. The jackal bites you.
* * * LOW HITPOINT WARNING * * *
You closely miss the jackal.
The jackal is almost dead.
The hobgoblin shouts!
The quokka bites you.
* * * LOW HITPOINT WARNING * * *
The jackal closely misses you. The quokka bites you.
You die...

... ..$ #..
###.. #....
#.#.. ####.
###....###......
......r@<.g.....
#####...h###....
#?.#..# #
........#
......##....
....... ?....
....... #####.
.....[.


You could see a quokka, a jackal and a hobgoblin.

Vanquished Creatures
  An adder (D:1)
  A giant cockroach (D:1)
  A goblin (D:1)
  3 hobgoblins (D:1)
  A jackal (D:2)
  8 kobolds (D:1)
  A quokka (D:1)
  3 ball pythons (D:1)
  4 bats (D:1)
  A frilled lizard (D:1)
  6 rats (D:1)
30 creatures vanquished.

Vanquished Creatures (collateral kills)
  A hobgoblin (D:1)
  2 jackals (D:1)
3 creatures vanquished.

Grand Total: 33 creatures vanquished

Notes
Turn   | Place    | Note
-------+----------+-------------------------------------------
     0 | D:1      | H0rd4k the Human Artificer began the quest for the Orb.
     0 | D:1      | Reached XP level 1. HP: 15/15 MP: 1/1
   187 | D:1      | Reached XP level 2. HP: 4/22 MP: 2/2
   821 | D:1      | Found Ragiesih's General Store.
  1104 | D:1      | Reached XP level 3. HP: 24/28 MP: 3/3
  1382 | D:2      | Slain by a quokka

Illustrated notes

Levels and vault maps discovered:
D:1:      lemuel_arrival_cross, layout_basic, serial_shops, shop
D:2:      layout_rooms

Skill      XL: |  1  2  3 |
---------------+----------+-----
Fighting       | 2 3 |  3.2
Armour         | |  2.0
Dodging        | |  1.0
Stealth        | |  1.0
Evocations     | |  3.0

Action                     || total
---------------------------++-------
  Melee: Club              ||   155
         Punch             ||     3
  Evoke: Wand              ||     2
   Stab: Sleeping          ||     1
 Armour: Leather armour    ||   153
  Dodge: Dodged            ||   166
